 Dungeon Crawl Stone Soup version 0.20-a0-1089-g3fde505 (webtiles) character file.

31 4thArraOfDagon the Skirmisher (level 3, 1/33 HPs)
             Began as a Barachi Monk on May 2, 2017.
             Quit the game on level 4 of the Dungeon.
             The game lasted 00:02:27 (403 turns).

4thArraOfDagon the Skirmisher (Barachi Monk)         Turns: 403, Time: 00:02:27

Health: 1/33       AC:  0    Str: 12    XL:     3   Next: 22%
Magic:  3/3        EV: 16    Int: 11    God:
Gold:   49         SH:  0    Dex: 14    Spells: 2/2 levels left

rFire    + . .     SeeInvis .     - Unarmed
rCold    + . .     Gourm    .   (shield currently unavailable)
rNeg     . . .     Faith    .   (armour currently unavailable)
rPois    +         Spirit   .   (helmet currently unavailable)
rElec    +         Reflect  .   (cloak currently unavailable)
rCorr    +         Harm     .   (gloves currently unavailable)
MR       .....                  (boots currently unavailable)
Stlth    ++........             (no amulet)
Regen    0.2/turn               (ring currently unavailable)
MPRegen  0.1/turn               (ring currently unavailable)

@: pig-form, resistant, very quick
A: +LOS, swims, robust 1
a: no special abilities


You were on level 4 of the Dungeon.
You were not hungry.
You were a filthy swine.
You visited 1 branch of the dungeon, and saw 4 of its levels.

You collected 49 gold pieces.

Inventory:

Armour
 a - a +0 robe (melded)
 g - a +0 pair of gloves (melded)
Wands
 h - a wand of polymorph (13/24)
Comestibles
 b - a bread ration
 f - a meat ration


   Skills:
 + Level 4.1 Fighting
 + Level 3.6 Dodging
 - Level 1.7 Stealth
 * Level 4.0 Unarmed Combat


You had 2 spell levels left.
You didn't know any spells.

Dungeon Overview and Level Annotations

Branches:
Dungeon (4/15)
 Temple: D:4-7

Altars:

Annotations:
D:3 Sigmund
D:4 Ijyb


Innate Abilities, Weirdness & Mutations

Shadows flee at your approach. (+LOS)
You can swim through water.
((You cover ground slowly.))
((You can hop short distances.))
((You have a pair of small horns on your head.))
You are robust. (+10% HP)


Message History

Unknown command.
You barely miss the orc wizard.
The orc wizard is moderately wounded.
Your transformation has ended.
Your +0 pair of gloves unmelds from your body.
Your +0 robe unmelds from your body.
The orc wizard barely misses you.
Unknown command.
Evoke which item? (* to show all) (? for menu, Esc to quit)
Aiming: Polymorph
Press: ? - help, Shift-Dir - straight line, f - you That beam is likely to hit you.
Continue anyway?
You turn into a filthy swine.
Your +0 pair of gloves melds into your body.
Your +0 robe melds into your body.
This wand has 13 charges left.
The orc wizard misses you. The orc wizard casts a spell at you.
The magic dart hits you!
* * * LOW HITPOINT WARNING * * *
Unknown command.
Are you sure you want to abandon this character and quit the game? (Confirm with "yes".)

#............#..........
#####.##.##.##..........
###.##.##+######.$....
#...g......+ +......
#.....l.(..# ......
#....o{o.o.# ......
#+####g##.## ##o## #
#h..# #####


You could see Ijyb, an orc wizard, an orc and a leopard gecko.

Vanquished Creatures
  A worker ant (D:4)
  A leopard gecko (D:4)
  2 goblins
  A bat (D:1)
  A frilled lizard (D:1)
  3 rats
9 creatures vanquished.

Notes
Turn   | Place    | Note
-------+----------+-------------------------------------------
     0 | D:1      | 4thArraOfDagon the Barachi Monk began the quest for the Orb.
     0 | D:1      | Reached XP level 1. HP: 18/18 MP: 1/1
   188 | D:2      | Found a faded altar of an unknown god.
   300 | D:3      | Noticed Sigmund
   309 | D:4      | Noticed Ijyb
   364 | D:4      | Noticed a worker ant
   367 | D:4      | Gained mutation: You are robust. (+10% HP) [potion of mutation]
   367 | D:4      | Gained mutation: You have a pair of small horns on your head. [potion of mutation]
   369 | D:4      | Noticed an orc wizard
   379 | D:4      | Reached XP level 2. HP: 7/27 MP: 2/2
   398 | D:4      | Reached XP level 3. HP: 8/33 MP: 3/3
   402 | D:4      | HP: 1/33 [orc wizard/magic dart (6)]
   403 | D:4      | Quit the game

Vault maps used:
D:1:      ldierk_walled_garden_2, minmay_hedge_maze
D:2:      chequers_ecumenical_altar_island, minmay_pentomino_s2
D:3:      minmay_ruptured, uniq_sigmund
D:4:      kennysheep_mini_moat, minitemple, first_bread, nrook_uturn,
          kennysheep_generic_room_13, uniq_ijyb, uniq_duvessa

Skill      XL: |  1  2 |
---------------+-------+-----
Fighting       | 4 |  4.1
Unarmed Combat | 4 |  4.0
Dodging        | |  3.6
Stealth        | |  1.7

Action                   || total
-------------------------++-------
Melee: Unarmed           ||    55
 Abil: Hop               ||     1
Evoke: Wand              ||     3
  Use: Scroll            ||     3
       Potion            ||     2
Armor: Robe              ||     7
       Skin              ||     5
Dodge: Dodged            ||    60
